 Dungeon Crawl Stone Soup version 0.26.1-2-gb8aa6d0cf2 (webtiles) character file.

Game seed: 5829183776242379078

26 Gadfly the Skirmisher (level 3, 0/29 HPs)
             Began as a Formicid Abyssal Knight on Feb 10, 2021.
             Was a Believer of Lugonu.
             Slain by a bullfrog zombie (3 damage)
             ... on level 2 of the Dungeon.
             The game lasted 00:01:43 (1119 turns).

Gadfly the Skirmisher (Formicid Abyssal Knight)     Turns: 1119, Time: 00:01:43

Health: 0/29       AC:  4    Str: 17    XL:     3   Next: 22%
Magic:  4/4        EV: 11    Int: 11    God:    Lugonu [**....]
Gold:   16         SH:  0    Dex: 10    Spells: 2/2 levels left

rFire    . . .     SeeInvis +   a - +1 hand axe
rCold    . . .     Faith    .   (no shield)
rNeg     . . .     Spirit   .   b - +1 leather armour
rPois    .         Reflect  .   (helmet unavailable)
rElec    .         Harm     .   (no cloak)
rCorr    .         Rampage  .   (no gloves)
Will     +....                  (no boots)
Stlth    +.........             d - amulet of the acrobat
HPRegen  0.09/turn              m - ring of willpower
MPRegen  0.09/turn              c - ring of teleportation (curse)

@: no status effects
A: permanent stasis, dig shafts and tunnels, four strong arms, antennae 3
a: Dig, Shaft Self, Renounce Religion, Depart the Abyss, Bend Space


You were on level 2 of the Dungeon.
You worshipped Lugonu.
Lugonu was pleased with you.
You visited 1 branch of the dungeon, and saw 2 of its levels.
You visited the Abyss 1 time.

You collected 16 gold pieces.

Inventory:

Hand Weapons
 a - a +1 hand axe (weapon)
Armour
 b - a +1 leather armour (worn)
Jewellery
 c - a cursed ring of teleportation (right hand)
 d - an amulet of the acrobat (around neck)
 m - a ring of willpower (left hand)
Scrolls
 e - a scroll of identify
Potions
 h - a potion of invisibility {unknown}
 j - a potion of curing {unknown}
 k - a potion of haste {unknown}


   Skills:
 - Level 3.2 Fighting
 * Level 2.4 Axes
 + Level 2.3 Armour
 - Level 0.8 Dodging
 * Level 1.4 Shields
 + Level 2.4 Invocations
 * Level 1.2 Evocations


You had 2 spell levels left.
You didn't know any spells.
Your spell library was empty.

Dungeon Overview and Level Annotations

Branches:
Dungeon (2/15)

Altars:


Innate Abilities, Weirdness & Mutations

You cannot be hasted, slowed, berserked, paralysed or teleported.
You can dig through walls and to a lower floor.
Your four strong arms can wield two-handed weapons with a shield.
You have a pair of large antennae on your head. (SInv)


Message History

You are too injured to fight recklessly!
You are too injured to fight recklessly!
You are too injured to fight recklessly!
You are too injured to fight recklessly!
You are too injured to fight recklessly!
You are too injured to fight recklessly!
You are too injured to fight recklessly!
You are too injured to fight recklessly!
You are too injured to fight recklessly!
You are too injured to fight recklessly!
You are too injured to fight recklessly!
Unknown command.
You barely miss the bullfrog zombie.
The bullfrog zombie is severely damaged.
The bullfrog zombie hits you.
* * * LOW HITPOINT WARNING * * *
You hit the bullfrog zombie.
The bullfrog zombie is almost destroyed.
The bullfrog zombie closely misses you. The bullfrog zombie hits you.
You die...

#.........#
#.#######.#######
#.##....#.##..(.#
#.......#.##.##.#
###.#<..#.....#.#
#...#.#######.#
###.#.# .. #.#
#.# # #.#.# #.#
#.Z@# ..# { #####
###


You could see a bullfrog zombie.

Vanquished Creatures
  A leopard gecko (D:1)
  A ball python (D:1)
  3 bats (D:1)
  A giant cockroach (D:1)
  4 goblins (D:1)
  5 hobgoblins (D:1)
  2 frilled lizards (D:1)
  2 kobolds (D:1)
  2 rats (D:1)
21 creatures vanquished.

Notes
Turn   | Place    | Note
-------+----------+-------------------------------------------
     0 | Abyss:1  | Gadfly the Formicid Abyssal Knight began the quest for the
                  | Orb.
     0 | Abyss:1  | Reached XP level 1. HP: 18/18 MP: 2/2
    47 | D:1      | Escaped the Abyss
   282 | D:1      | Reached XP level 2. HP: 24/24 MP: 3/3
   349 | D:1      | Reached skill level 1 in Shields
   412 | D:1      | Reached skill level 1 in Evocations
   673 | D:1      | Reached ** piety under Lugonu
   674 | D:1      | Reached XP level 3. HP: 29/29 MP: 4/4
  1119 | D:2      | Slain by a bullfrog zombie

Illustrated notes

Levels and vault maps discovered:
D:1:      dpeg_arrival_rhombi, layout_basic
D:2:      layout_basic, minmay_cut_off

Skill      XL: |  1  2 |
---------------+-------+-----
Shields        | 1 |  1.4
Evocations     | 1 |  1.2
Fighting       | |  3.2
Axes           | |  2.4
Armour         | |  2.3
Dodging        | |  0.8
Invocations    | |  2.4

Action                   || total
-------------------------++-------
Melee: Hand axe          ||    65
  Use: Scroll            ||     5
Armor: Leather armour    ||    13
Dodge: Dodged            ||    48
